 Dungeon Crawl Stone Soup version 0.30-a0-956-gcec3b41aec (webtiles) character file.

Game seed: 14586349343251488908

357571 juan097 the Warrior (level 21, -22/184 (201) HPs)
             Began as a Green Draconian Transmuter on Mar 28, 2023.
             Was a High Priest of Ashenzari.
             Annihilated by a reaper
             ... wielding a +6 scythe of pain
              (44 damage)
             ... on level 2 of the Depths on Mar 29, 2023.
             The game lasted 04:11:15 (61329 turns).

juan097 the Warrior (Green Draconian Transmuter)   Turns: 61329, Time: 04:11:16

HP:   -22/184 (201) AC: 17    Str: 15    XL:     21   Next: 42%
MP:   24/28         EV: 37    Int: 16    God:    Ashenzari [*****.]
Gold: 1307          SH:  5    Dex: 25    Spells: 6/29 levels left

rFire   + . .      SeeInvis +    b - melded +6 sling of Ashenzari's Shame {freeze, Melee, Bglg} (curse)
rCold   + . .      Faith    .    W - melded +0 buckler of Curses and Power {Elem, Cun} (curse)
rNeg    . . .      Spirit   .    (body armour unavailable)
rPois   +          Reflect  +    w - +0 hat of the Restrained Sphere {rF+ Str+3, Melee, Cun} (curse)
rElec   .          Rampage  .    i - +2 cloak of Supernal Knowledge {Will+, Melee, Comp} (curse)
rCorr   .          Clarity  +    g - melded +2 pair of gloves "Enlightened Gnosis" {Dex+3, Self, Elem} (curse)
Will    +++..                    Q - +2 pair of boots "Pangnostic Soothsayer" {Stlth+, Melee, Range} (curse)
Stlth   +++++                    q - amulet "Perceptive Paranoia" {Reflect SH+5, Cun, Alch} (curse)
HPRegen 0.50/turn                j - ring of Panopticon {Will+ EV+5 Dex+4, =R, Range, Melee} (curse)
MPRegen 0.21/turn                G - ring "Eploneme" {Fly rPois rC+ Stlth-}

@: blade hands, flying, drained
A: breathe noxious fumes, AC +11, unfitting armour, stinger 1, poison
resistance, cold-blooded
}: 2/15 runes: barnacled, gossamer
a: Breathe Noxious Fumes, End Transformation, Renounce Religion, Shatter the
Chains


You were on level 2 of the Depths.
You worshipped Ashenzari.
Ashenzari was extremely pleased with you.
You had blades for hands.
You visited 8 branches of the dungeon, and saw 37 of its levels.
You visited 1 bazaar.
You also visited: Ice Cave.

You collected 4471 gold pieces.
You spent 3164 gold pieces at shops.

Inventory:

Hand Weapons
 b - the cursed +6 sling of Ashenzari's Shame (melded) {freeze, Melee, Bglg}
   (You took it off a goblin on level 3 of the Dungeon)

   It has a curse which improves the following skills: Melee Combat: Short
   Blades, Long Blades, Axes, Maces & Flails, Polearms, Staves and Unarmed
   Combat.
   Beguiling: Conjurations, Hexes and Translocations.
Missiles
 D - 6 throwing nets
 N - 6 silver javelins
 O - 2 datura-tipped darts
 T - 11 curare-tipped darts
 U - 6 silver boomerangs
Armour
 g - the cursed +2 pair of gloves "Enlightened Gnosis" (melded) {Dex+3, Self, Elem}
   (You bought it in a shop in a bazaar)

   It has a curse which improves the following skills: Introspection: Fighting
   and Spellcasting.
   Elements:  Fire Magic, Ice Magic, Air Magic and Earth Magic.
 i - the cursed +2 cloak of Supernal Knowledge (worn) {Will+, Melee, Comp}
   (You took it off Nikola on level 3 of the Spider Nest)

   It has a curse which improves the following skills: Melee Combat: Short
   Blades, Long Blades, Axes, Maces & Flails, Polearms, Staves and Unarmed
   Combat.
   Companions: Summonings and Necromancy.
 w - the cursed +0 hat of the Restrained Sphere (worn) {rF+ Str+3, Melee, Cun}
   (You acquired it on level 1 of the Depths)

   Str:       It affects your strength (+3).
   rF:        It protects you from fire.
   It has a curse which improves the following skills: Melee Combat: Short
   Blades, Long Blades, Axes, Maces & Flails, Polearms, Staves and Unarmed
   Combat.
   Cunning:   Dodging and Stealth.
 Q - the cursed +2 pair of boots "Pangnostic Soothsayer" (worn) {Stlth+, Melee, Range}
   (You bought it in a shop on level 1 of the Shoals)

   It has a curse which improves the following skills: Melee Combat: Short
   Blades, Long Blades, Axes, Maces & Flails, Polearms, Staves and Unarmed
   Combat.
   Ranged Combat: Ranged Weapons and Throwing.
 W - the cursed +0 buckler of Curses and Power (melded) {Elem, Cun}
   (You took it off a tengu conjurer on level 14 of the Dungeon)

   It has a curse which improves the following skills: Elements: Fire Magic, Ice
   Magic, Air Magic and Earth Magic.
   Cunning:   Dodging and Stealth.
Jewellery
 j - the cursed ring of Panopticon (left blade hand) {Will+ EV+5 Dex+4, =R, Range, Melee}
   (You found it on level 2 of the Dungeon)

   [ring of evasion]

   EV:        It affects your evasion (+5).
   Dex:       It affects your dexterity (+4).
   Will:      It increases your willpower.
   It has a curse which improves the following skills: Ranged Combat: Ranged
   Weapons and Throwing.
   Melee Combat: Short Blades, Long Blades, Axes, Maces & Flails, Polearms,
   Staves and Unarmed Combat.
 q - the cursed amulet "Perceptive Paranoia" (around neck) {Reflect SH+5, Cun, Alch}
   (You found it on level 9 of the Dungeon)

   [amulet of reflection]

   It reflects blocked missile attacks.
   SH:        It affects your SH (+5).
   It has a curse which improves the following skills: Cunning: Dodging and
   Stealth.
   Alchemy:   Poison Magic and Transmutations.
 t - a ring of resist corrosion
 x - a ring of protection from fire
 G - the ring "Eploneme" (right blade hand) {Fly rPois rC+ Stlth-}
   (You found it on level 4 of the Shoals)

   [ring of flight]

   rC:        It protects you from cold.
   rPois:     It protects you from poison.
   Fly:       It grants you flight.
   Stlth:     It makes you less stealthy.
 V - a ring of willpower
Wands
 y - a wand of digging (4)
 E - a wand of quicksilver (34)
 H - a wand of roots (27)
Scrolls
 l - 10 scrolls of teleportation
 m - 4 scrolls of enchant weapon
 p - a scroll of fear
 s - 2 scrolls of enchant armour
 u - a scroll of magic mapping
 v - 7 scrolls of fog
 z - 3 scrolls of summoning
 C - 4 scrolls of silence
 S - 5 scrolls of blinking
 Z - 2 scrolls of poison
Potions
 a - 6 potions of lignification
 c - 4 potions of magic
 d - 8 potions of might
 e - 3 potions of invisibility
 f - 2 potions of berserk rage
 h - 10 potions of heal wounds
 k - 12 potions of brilliance
 r - 8 potions of curing
 A - 2 potions of resistance
 F - 11 potions of flight
 I - 3 potions of cancellation
 L - 6 potions of mutation
 M - 10 potions of ambrosia
 R - 10 potions of haste
Miscellaneous
 n - a tin of tremorstones (2/2)
 o - a phial of floods
 J - a lightning rod (4/4)
 K - a condenser vane (inert)


   Skills:
 - Level 20.2 Fighting
 - Level 8.8(12.0) Ranged Weapons
 - Level 5.3(8.4) Throwing
 + Level 18.0(20.9) Dodging
 - Level 7.2(10.4) Stealth
 - Level 8.0 Shields
 - Level 18.3(23.1) Unarmed Combat
 - Level 4.9 Spellcasting
 * Level 6.7 Translocations
 - Level 11.0(13.1) Transmutations
 - Level 8.0 Ice Magic
 - Level 3.0 Earth Magic
 - Level 5.0(7.0) Poison Magic
 - Level 10.0 Evocations


You had 6 spell levels left.
You knew the following spells:

 Your Spells              Type           Power      Damage    Failure   Level
a - Beastly Appendage     Tmut           92%        N/A       6%          1
b - Blade Hands           Tmut           23%        N/A       21%         5
c - Ice Form              Ice/Tmut       37%        N/A       21%         4
d - Passwall              Tmut/Erth      24%        N/A       14%         2
e - Spider Form           Tmut/Pois      36%        N/A       13%         3
f - Ozocubu's Armour      Ice            29%        N/A       21%         3
g - Wereblood             Tmut           46%        N/A       7%          2
h - Apportation           Tloc           50%        N/A       16%         1
i - Blink                 Tloc           50%        N/A       19%         2

Your spell library contained the following spells:

 Spells                   Type           Power      Damage    Failure   Level
 Sting                    Tmut/Pois      100%       1d8       10%         1
 Freeze                   Ice            100%       1d10      12%         1
 Lesser Beckoning         Tloc           50%        N/A       19%         2
 Frozen Ramparts          Ice            58%        1d9       21%         3
 Gell's Gravitas          Tloc           25%        N/A       26%         3
 Ignite Poison            Fire/Tmut/Pois 25%        N/A       26%         3
 Teleport Other           Tloc           25%        N/A       26%         3
 Ensorcelled Hibernation  Hex/Ice        32%        N/A       32%         2
 Poisonous Vapours        Pois/Air       30%        N/A       34%         2
 Alistair's Intoxication  Tmut/Pois      24%        N/A       38%         5
 Cigotuvi's Dreadful Rot  Necr/Pois/Air  22%        N/A       43%         2
 Hailstorm                Conj/Ice       16%        3d6       43%         3
 Olgreb's Toxic Radiance  Pois           26%        N/A       43%         4
 Manifold Assault         Tloc           25%        N/A       45%         4
 Portal Projectile        Hex/Tloc       28%        N/A       50%         3
 Vhi's Electric Charge    Tloc/Air       28%        N/A       50%         3
 Necrotise                Necr           16%        1d4       54%         1
 Foxfire                  Conj/Fire      12%        2x1d2     56%         1
 Magic Dart               Conj           12%        1d3       56%         1
 Mephitic Cloud           Conj/Pois/Air  11%        N/A       58%         3
 Kindle Blastsparks       Fire/Tloc/Air  22%        2d11      61%         3
 Call Imp                 Summ           4%         N/A       65%         2
 Searing Ray              Conj           6%         2d4       67%         2
 Static Discharge         Conj/Air       6%         2-3/arc   67%         2
 Iskenderun's Mystic Bla  Conj/Tloc      14%        2d5       78%         4
 Vampiric Draining        Necr           4%         2d6       80%         3
 Dazzling Flash           Conj/Hex       6%         N/A       83%         3
 Swiftness                Air            3%         N/A       83%         3
 Tukima's Dance           Hex            3%         N/A       83%         3
 Anguish                  Hex/Necr       2%         N/A       98%         4
 Fulminant Prism          Conj/Hex       1%         3d5       98%         4
 Freezing Cloud           Conj/Ice/Air   6%         6-21      98%         5
 Dispersal                Tloc           12%        N/A       98%         6
 Agony                    Necr           4%         N/A       100%        5
 Arcjolt                  Conj/Air       1%         1d11      100%        5
 Fireball                 Conj/Fire      1%         3d3       100%        5
 Plasma Beam              Fire/Air       1%         2x1d8     100%        5
 Simulacrum               Ice/Necr       8%         N/A       100%        6
 Starburst                Conj/Fire      1%         6d3       100%        6
 Ozocubu's Refrigeration  Ice            14%        4d10      100%        7
 Storm Form               Tmut/Air       12%        N/A       100%        7
 Polar Vortex             Ice            14%        N/A       100%        9


Dungeon Overview and Level Annotations

Branches:
Dungeon (15/15)            Temple (1/1) D:6            Lair (5/5) D:8
 Shoals (4/4) Lair:3       Spider (4/4) Lair:3        Slime (0/5) Lair:4
    Orc (2/2) D:11            Elf (0/3) Orc:2        Vaults (4/5) D:13
  Crypt (0/3) Vaults:3     Depths (2/4) D:15          IceCv (visited)

Altars:
Ashenzari
Cheibriados
Dithmenos
Elyvilon
Fedhas
Gozag
Hepliaklqana
Kikubaaqudgha
Makhleb
Nemelex Xobeh
Okawaru
Qazlal
Ru
Sif Muna
Trog
Uskayaw
Vehumet
Wu Jian
Xom
Yredelemnul
Zin
The Shining One
Jiyva

Shops:
D:6 ?   D:9 *   Orc:1 :   Orc:2 =*([   Shoals:1 [   Shoals:3 !?   Vaults:3 (
Vaults:4 *   Depths:1 ?!

Portals:
Hell: Depths:1 Depths:2
Abyss: Depths:2
Pandemonium: Depths:2
Ziggurat: Depths:1

Annotations:
D:15 Roxanne
Shoals:2 exclusion: 2 krakens
Shoals:3 2 transporters, Mecsish's ghost, adept AtWn


Innate Abilities, Weirdness & Mutations

You have blades for hands.
Your spellcasting is less reliable in this form.
You are incapable of wielding weapons or throwing items.
You can breathe blasts of noxious fumes.
Your lurid green scales are hard. (AC +11)
You cannot fit into any form of body armour.
Your tail ends in a venomous barb.
Your system is resistant to poisons. (rPois)
You are cold-blooded and may be slowed by cold attacks.


Message History

You tail-slap the reaper, but do no damage.
Your slash misses the reaper.
The reaper is moderately wounded.
The Tzitzimitl is engulfed in blazing flames.
The reaper is engulfed in blazing flames.
The reaper misses you.
The reaper is engulfed in blazing flames.
The reaper smiles without lips.
The reaper closely misses you.
You hit the reaper but do no damage.
You tail-slap the reaper, but do no damage.
You slash the reaper.
The reaper is heavily wounded.
Unknown command.
You barely miss the reaper.
The reaper is heavily wounded.
The Tzitzimitl is engulfed in blazing flames.
The Tzitzimitl calls on the powers of darkness!
Your body is wracked with pain!
* * * LOW HITPOINT WARNING * * *
The reaper is engulfed in blazing flames.
The reaper completely misses you.
The reaper is engulfed in blazing flames.
The reaper completely misses you.
You shred the reaper!!!
You kill the reaper!
Aiming: Fastroot
Press: ? - help, Shift-Dir - straight line, f - reaper
Aim: a reaper, wielding a +6 scythe of pain (flame, heavily wounded)
The roots erupt in riotous growth!
Roots grab the reaper.
Roots grab the Tzitzimitl.
The grasping roots constrict the Tzitzimitl!
The grasping roots constrict the reaper.
The Tzitzimitl is engulfed in blazing flames.
The Tzitzimitl calls on the powers of darkness!
Your body is wracked with pain!
* * * LOW HITPOINT WARNING * * *
The reaper is engulfed in blazing flames.
The reaper hits you from afar with a +6 scythe of pain!!!
You die...

############
#######
.......#...#
#[}||}#
.......'.).#
#[§§§?#
##.##'##...#
#$§§§$#
.#'#.[.#####
*$§§§$* .#.#.}.#
∆§21,
.#)#...#########§#
*
##.#####.##..'.#@#
...°...#....##.#.#
.###.#.#.##.##.#.##
.###.#.#.##.##....#
.......#....###.#.#
##'#####.##.# #.#.#
......##.##.# #.#.#
).°.°.##....# #...#
..⌠...'[.##.# #####


You could see a Tzitzimitl (rooted) and a reaper (rooted).

Vanquished Creatures
  Mara (Spider:4)
  A juggernaut (Depths:1)
  Saint Roka (Vaults:4)
  Margery (Depths:2)
  A caustic shrike (Depths:1)
  Bai Suzhen (Shoals:3)
  Nikola (Spider:3)
  Arachne (Spider:4)
  A quicksilver dragon (Depths:1)
  A lich (Depths:1)
  3 titans
  A walking divine tome (Depths:1)
  6 sphinxes
  An Executioner (Depths:2)
  Agnes (D:15)
  Donald (Spider:4)
  A tengu reaver (Depths:2)
  A spectral juggernaut (Depths:2)
  7 emperor scorpions
  Ilsuiw (Shoals:3)
  5 vault wardens
  5 frost giants
  2 spectral caustic shrikes (Depths:2)
  6 fire giants
  4 ghost moths
  A deep elf sorcerer (Vaults:4)
  A juggernaut zombie (Depths:2)
  5 war gargoyles
  A juggernaut skeleton (Depths:2)
  11 very ugly things
  4 orc warlords
  A reaper (Depths:2)
  A spriggan defender (Depths:1)
  2 broodmothers
  6 stone giants
  10 ironbound thunderhulks
  A caustic shrike skeleton (Depths:2)
  10 ironbound preservers
  A deep elf demonologist (Vaults:4)
  3 vampire knights
  A spectral titan (Depths:2)
  8 dire elephants
  5 spark wasps
  4 deep elf death magi (Depths:2)
  7 merfolk impalers
  A quicksilver dragon zombie (Depths:2)
  5 ettins
  A deep elf high priest (Vaults:4)
  A crystal guardian (Vaults:3)
  A spectral golden dragon (Depths:2)
  3 entropy weavers
  Josephine (D:15)
  2 fire dragons
  16 yaktaur captains
  An ice dragon (Depths:1)
  6 merfolk javelineers (Shoals:4)
  3 vault guards (Vaults:4)
  9 great orbs of eyes
  6 peacekeepers
  2 jorogumos
  2 spectral tengu (Depths:2)
  5 hydras
  6 merfolk aquamancers
  An ogre mage (Vaults:2)
  2 radroaches (Spider:3)
  A merfolk avatar (Shoals:4)
  5 catoblepae
  5 centaur warriors
  2 satyrs
  A spectral fire giant (Depths:2)
  10 ironbound frosthearts
  A spectral frost giant (Depths:2)
  13 boulder beetles
  The ghost of jimonade the Protected, a novice HOFi of the Shining One (D:7)
  6 death yaks (Lair:5)
  2 tengu warriors (Depths:1)
  2 deep troll shamans (Depths:1)
  7 two-headed ogres
  2 deep troll earth magi (Depths:1)
  4 vampire magi
  A titan zombie (D:15)
  An orc high priest (Orc:2)
  2 spriggan berserkers (Depths:1)
  4 hell knights
  2 titan skeletons
  7 pharaoh ants
  4 iron trolls (Depths:1)
  The ghost of cforsyth the Shield-Bearer, a novice FoFi of Ru (D:7)
  3 skysharks
  6 flayed ghosts
  12 orb spiders
  26 deep trolls
  2 glowing orange brains
  3 golden dragon zombies (Depths:2)
  5 skeletal warriors
  A kraken simulacrum (Shoals:4)
  The ghost of BlueFish the Covert, a novice OpWr of Cheibriados (D:7)
  5 sea snakes
  13 ironbound convokers
  A phantasmal warrior (Vaults:2)
  A spectral iron dragon (Depths:2)
  Pikel (D:4)
  9 wizards
  11 lindwurms
  20 harpies
  2 golden dragon skeletons (Depths:2)
  7 necromancers
  A deep elf zephyrmancer (D:13)
  5 deep elf pyromancers
  A shadow dragon zombie (Depths:2)
  A sphinx skeleton (Depths:2)
  29 ugly things
  A shadow dragon skeleton (Depths:2)
  7 orc sorcerers
  10 orc knights
  8 steelbarb worms
  A tengu skeleton (Depths:2)
  A cyclops (shapeshifter) (Depths:1)
  24 fauns
  A salamander (shapeshifter) (D:13)
  A fire giant zombie (D:15)
  20 wolf spiders
  15 manticores
  An iron dragon zombie (Depths:2)
  8 cyclopes
  3 moths of wrath
  11 elephants
  7 water nymphs
  11 merfolk sirens
  Maurice (D:13)
  An iron dragon skeleton (Depths:2)
  Joseph (Lair:1)
  20 vault sentinels
  11 demonic crawlers
  6 black mambas
  10 cane toads
  4 torpor snails
  Psyche (D:12)
  2 ice statues (IceCv)
  A storm dragon simulacrum (Depths:2)
  7 rime drakes
  2 kobold demonologists
  26 yaktaurs
  11 komodo dragons
  2 unseen horrors
  4 tengu conjurers
  2 freezing wraiths
  A tormentor (Depths:2)
  3 meliai (Spider:3)
  7 polar bears
  11 trolls
  2 tengu simulacra (Depths:2)
  23 merfolk
  A queen bee (Lair:2)
  A troll (shapeshifter) (D:14)
  26 tarantellas
  A polar bear (shapeshifter) (D:14)
  7 wind drakes
  A shadow dragon simulacrum (Depths:2)
  19 blink frogs
  Prince Ribbit (D:9)
  8 snapping turtles
  15 dream sheep
  36 jumping spiders
  6 wyverns
  2 spriggan zombies
  4 centaur simulacra
  16 culicivoras
  29 slime creatures
  7 wraiths
  8 water elementals
  A dire elephant simulacrum (IceCv)
  45 yaks
  Eustachio (D:3)
  5 basilisks
  An unseen horror simulacrum (D:10)
  49 redbacks
  4 steam dragons
  Menkaure (D:5)
  5 vampire mosquitoes
  4 acid dragons
  4 wargs
  15 water moccasins
  Duvessa (D:7)
  A sky beast (D:7)
  31 orc warriors
  5 ice beasts
  A spriggan simulacrum (Depths:2)
  2 black bears
  7 ogres
  4 boggarts (D:14)
  5 wolves
  8 centaurs
  A lemure (D:5)
  7 bullfrogs
  22 kobold brigands
  A scorpion (D:5)
  A gnoll sergeant (D:8)
  A cane toad simulacrum (IceCv)
  4 wights
  Dowan (D:7)
  42 killer bees
  9 electric eels
  7 howler monkeys
  4 lava snakes (Lair:4)
  10 orc priests
  4 hounds
  8 jellies
  A gnoll bouda (D:7)
  Crazy Yiuf (D:4)
  3 sleepcaps
  6 iguanas
  10 hell rats (Lair:5)
  32 orc wizards
  Natasha (twice) (D:2)
  2 wolf simulacra (IceCv)
  Robin (D:3)
  12 gnolls
  6 adders
  A shadow imp (D:6)
  5 white imps
  5 ufetubi
  A dart slug (D:2)
  79 orcs
  9 ball pythons
  4 bats
  11 endoplasms
  4 giant cockroaches
  17 goblins
  12 hobgoblins
  3 quokkas
  4 frilled lizards
  20 kobolds
  8 rats
  A plant (Shoals:2)
1521 creatures vanquished.

Vanquished Creatures (collateral kills)
  A redback (Spider:4)
1 creature vanquished.

Vanquished Creatures (others)
  A deep elf death mage (Depths:2)
  A wolf spider (Spider:3)
  A manticore (Shoals:4)
  A culicivora (Spider:3)
  An electric eel (D:7)
  An orc wizard (Orc:2)
  2 adders (D:3)
  A white imp (D:10)
  A dart slug (D:3)
  A ball python (D:3)
  A kobold (D:10)
  A bush (Lair:5)
  22 fungi
  89 plants
  6 tentacles (Shoals:4)
  4 withered plants (D:7)
134 creatures vanquished.

Grand Total: 1656 creatures vanquished

Notes
Turn   | Place    | Note
-------+----------+-------------------------------------------
     0 | D:1      | juan097 the Draconian Transmuter began the quest for the
                  | Orb.
     0 | D:1      | Reached XP level 1. HP: 16/16 MP: 3/3
   273 | D:1      | Found a shadowy altar of Dithmenos.
   277 | D:1      | Reached skill level 1 in Stealth
   283 | D:1      | Reached XP level 2. HP: 23/23 MP: 5/5
  1274 | D:2      | Reached XP level 3. HP: 28/28 MP: 4/6
  1302 | D:2      | Identified the ring "Koanlial" {Will+ EV+5 Dex+4}
  1553 | D:2      | Learned a level 2 spell: Wereblood
  1837 | D:2      | Noticed Natasha
  1845 | D:2      | Killed Natasha
  1846 | D:2      | Reached XP level 4. HP: 26/35 MP: 5/7
  1952 | D:2      | Noticed Natasha
  1963 | D:2      | Killed Natasha
  2193 | D:3      | Found a shimmering altar of Xom.
  2284 | D:3      | Found an ornate altar of the Wu Jian Council.
  2458 | D:3      | Noticed Robin
  2464 | D:3      | Reached XP level 5. HP: 37/40 MP: 5/8
  2471 | D:3      | Killed Robin
  2714 | D:3      | Found a hide-covered altar of Uskayaw.
  2784 | D:4      | Reached skill level 5 in Unarmed Combat
  3077 | D:4      | Found a snail-covered altar of Cheibriados.
  3154 | D:4      | Found a runed translucent door.
  3155 | D:4      | Noticed Crazy Yiuf
  3252 | D:4      | Reached XP level 6. HP: 47/47 MP: 9/9
  3428 | D:4      | Noticed Eustachio
  3644 | D:5      | Entered Level 5 of the Dungeon
  3679 | D:5      | Found a shadowy altar of Dithmenos.
  3680 | D:5      | Found a basalt altar of Yredelemnul.
  3683 | D:5      | Found an ancient bone altar of Kikubaaqudgha.
  3734 | D:5      | Noticed an ice beast
  3817 | D:5      | Reached skill level 2 in Fighting
  3929 | D:5      | Your scales start taking on a lurid green colour.
  3929 | D:5      | Reached XP level 7. HP: 55/55 MP: 7/10
  3929 | D:5      | Gained mutation: Your system is resistant to poisons.
                  | (rPois) [Green Draconian growth]
  4078 | D:5      | Found a shimmering blue altar of Sif Muna.
  4172 | D:5      | Noticed Menkaure
  4203 | D:5      | Killed Menkaure
  4726 | D:5      | Reached skill level 3 in Fighting
  5006 | D:6      | Found Yqamur's Magic Scroll Shop.
  5038 | D:6      | Reached XP level 8. HP: 35/63 MP: 11/11
  5043 | D:6      | Bought a scroll of identify for 30 gold pieces
  5043 | D:6      | Bought a scroll of silence for 142 gold pieces
  5043 | D:6      | Bought a scroll of identify for 30 gold pieces
  5249 | D:6      | Found a staircase to the Ecumenical Temple.
  5253 | Temple   | Entered the Ecumenical Temple
  5649 | Temple   | Became a worshipper of Ashenzari the Shackled
  5785 | D:6      | Reached skill level 4 in Fighting
  6340 | D:6      | Identified the +0 leather armour of the Harp {rF- rC+++
                  | Int+3 Stlth+}
  6430 | D:7      | Noticed Duvessa
  6430 | D:7      | Noticed Dowan
  6464 | D:7      | Learned a level 4 spell: Ice Form
  6662 | D:7      | Reached skill level 1 in Ice Magic
  6662 | D:7      | Reached XP level 9. HP: 65/72 MP: 12/12
  6695 | D:7      | Found a runed translucent gate.
  6696 | D:7      | Found a runed translucent gate.
  6696 | D:7      | Found a runed translucent gate.
  6697 | D:7      | Noticed jimonade's ghost (novice HOFi)
  6698 | D:7      | Noticed BlueFish's ghost (novice OpWr)
  6698 | D:7      | Noticed cforsyth's ghost (novice FoFi)
  6909 | D:7      | Reached skill level 5 in Fighting
  7594 | D:6      | Identified the +1 halberd of the Riding Oracle {heavy,
                  | Will+}
  7778 | D:6      | Bought a scroll of identify for 30 gold pieces
  7805 | D:5      | Reached skill level 5 in Transmutations
  7861 | D:4      | Noticed Pikel
  8006 | D:4      | Killed Pikel
  8007 | D:4      | Reached skill level 5 in Dodging
  8138 | D:4      | Killed Crazy Yiuf
  8193 | D:3      | Killed Eustachio
  9118 | D:7      | Killed Dowan
  9131 | D:7      | Killed Duvessa
  9520 | D:8      | Reached XP level 10. HP: 56/81 MP: 13/13
  9537 | D:8      | Reached skill level 10 in Unarmed Combat
  9914 | D:8      | Reached skill level 5 in Ice Magic
 10092 | D:8      | Found a white marble altar of Elyvilon.
 10189 | D:8      | Reached * piety under Ashenzari
 10262 | D:8      | Found a staircase to the Lair.
 10478 | D:9      | Found Kioronoose's General Store.
 10616 | D:9      | Reached skill level 6 in Fighting
 10821 | D:9      | Found an opulent altar of Gozag.
 11021 | D:9      | Noticed Prince Ribbit
 11030 | D:9      | Killed Prince Ribbit
 11031 | D:9      | Reached XP level 11. HP: 92/92 MP: 18/18
 11437 | Lair:1   | Entered Level 1 of the Lair of Beasts
 11446 | Lair:1   | Identified the +1 cloak "Oxteqon" {*Slow rN++}
 11724 | Lair:1   | Reached skill level 7 in Fighting
 11751 | Lair:1   | Identified the cursed +2 cloak of the Lashed Cynicism
                  | {rPois, Self, Alch} (You took it off Crazy Yiuf on level 4
                  | of the Dungeon)
 11751 | Lair:1   | Identified the cursed +0 pair of gloves of the Sublime
                  | Pantheism {Self, Comp} (You found it on level 5 of the
                  | Dungeon)
 11947 | Lair:1   | Noticed Joseph
 11969 | Lair:1   | Killed Joseph
 12165 | Lair:1   | Learned a level 2 spell: Passwall
 12169 | Lair:1   | Learned a level 3 spell: Spider Form
 12565 | Lair:2   | Reached skill level 1 in Poison Magic
 13017 | Lair:2   | Noticed an eight-headed hydra
 13023 | Lair:2   | Noticed a six-headed hydra
 13487 | Lair:2   | Reached skill level 5 in Poison Magic
 13553 | Lair:2   | Noticed a four-headed hydra
 13786 | Lair:3   | Found a hole to the Spider Nest.
 13927 | Lair:3   | Reached XP level 12. HP: 100/100 MP: 11/18
 14013 | Lair:3   | Reached skill level 8 in Fighting
 14373 | Lair:3   | Noticed a five-headed hydra
 14382 | Lair:3   | Killed a five-headed hydra
 14620 | Lair:3   | Reached skill level 9 in Fighting
 14875 | Lair:3   | Reached ** piety under Ashenzari
 15091 | Lair:3   | Reached skill level 10 in Fighting
 15120 | Lair:3   | Identified the cursed +0 pair of boots of the Eternal
                  | Sorrow {Range, Self} (You found it on level 1 of the Lair
                  | of Beasts)
 15297 | Lair:4   | Noticed a catoblepas
 15323 | Lair:4   | Killed a catoblepas
 15324 | Lair:4   | Reached skill level 1 in Evocations
 15999 | Lair:4   | Found a shimmering altar of Xom.
 16202 | Lair:4   | Noticed a boulder beetle
 16222 | Lair:4   | Killed a boulder beetle
 16223 | Lair:4   | Reached skill level 1 in Ranged Weapons
 16652 | Lair:4   | Found a viscous altar of Jiyva.
 16670 | Lair:4   | Found a staircase to the Slime Pits.
 16726 | Lair:5   | Entered Level 5 of the Lair of Beasts
 16801 | Lair:5   | Reached XP level 13. HP: 78/113 MP: 14/20
 16967 | Lair:5   | Found a frozen archway.
 17017 | IceCv    | Entered an ice cave
 17119 | IceCv    | Found a transporter.
 17131 | IceCv    | Found a transporter.
 17549 | Lair:5   | Reached skill level 5 in Evocations
 18034 | Lair:5   | Noticed a dire elephant
 18062 | Lair:5   | Killed a dire elephant
 19619 | Lair:5   | Gained mutation: Your tail ends in a venomous barb. [Green
                  | Draconian growth]
 19619 | Lair:5   | Reached XP level 14. HP: 58/121 MP: 14/21
 19846 | Lair:5   | Reached skill level 10 in Dodging
 20735 | Lair:2   | Reached skill level 11 in Fighting
 21065 | D:10     | Entered Level 10 of the Dungeon
 21094 | D:10     | Identified the +4 dagger of Cocytus {protect, SInv}
 22472 | D:11     | Found a staircase to the Orcish Mines.
 23278 | Orc:1    | Entered Level 1 of the Orcish Mines
 23284 | Orc:1    | Noticed an orc warlord
 23295 | D:11     | Reached skill level 5 in Ranged Weapons
 23766 | Orc:1    | Found Vosanuc's Vocational Training.
 23862 | Orc:2    | Entered Level 2 of the Orcish Mines
 24293 | Orc:2    | Reached skill level 1 in Earth Magic
 24439 | Orc:2    | Reached *** piety under Ashenzari
 24448 | Orc:2    | Paralysed by an orc sorcerer for 3 turns
 24530 | Orc:2    | Found a staircase to the Elven Halls.
 24737 | Orc:2    | Noticed an orc warlord
 24782 | Orc:2    | Killed an orc warlord
 25172 | Orc:2    | Found Kadwus's Antique Weapon Shop.
 25188 | Orc:2    | Found Heyguwo's Antique Armour Shop.
 25208 | Orc:2    | Found Upperas's General Store.
 25226 | Orc:2    | Found Vacy's Jewellery Shop.
 25442 | Orc:1    | Noticed an orc warlord
 25836 | Orc:1    | Killed an orc warlord
 25887 | Orc:1    | You fall into a shaft and drop 1 floor!
 26090 | Orc:2    | Bought a ring of protection from fire for 350 gold pieces
 26318 | D:7      | Killed cforsyth's ghost
 26326 | D:7      | Killed jimonade's ghost
 26333 | D:7      | Killed BlueFish's ghost
 26424 | D:6      | Bought 3 scrolls of blinking for 337 gold pieces
 26523 | D:12     | Reached skill level 12 in Fighting
 26565 | D:12     | Reached XP level 15. HP: 134/139 MP: 26/26
 27231 | D:12     | Noticed Psyche
 27240 | D:12     | Killed Psyche
 27835 | D:13     | Noticed Maurice
 27846 | D:13     | Killed Maurice
 27975 | D:13     | Learned a level 3 spell: Ozocubu's Armour
 28126 | D:13     | Found a gate to the Vaults.
 28810 | D:14     | Reached skill level 5 in Stealth
 29277 | D:14     | Found a hide-covered altar of Uskayaw.
 29429 | D:15     | Entered Level 15 of the Dungeon
 29444 | D:15     | Noticed Agnes
 29456 | D:15     | Killed Agnes
 29473 | D:15     | Noticed Josephine
 29508 | D:15     | Reached skill level 15 in Unarmed Combat
 29533 | D:15     | Killed Josephine
 29578 | D:15     | Found a flickering gateway to a bazaar.
 29593 | Bazaar   | Entered a bazaar
 29742 | Bazaar   | Found Roparyah's Distillery.
 29758 | Bazaar   | Found Leezunnel's Magic Scroll Emporium.
 29758 | Bazaar   | Found Ythutun's Antique Armour Shoppe.
 29780 | Bazaar   | Found Tuecuah's Distillery.
 29780 | Bazaar   | Found Zetymu's Assorted Antiques.
 29802 | Bazaar   | Found Xuliqyps's Weapon Shoppe.
 29869 | Bazaar   | Bought a pair of glowing gloves for 180 gold pieces
 29906 | Bazaar   | Bought a potion of might for 140 gold pieces
 29906 | Bazaar   | Bought a steel ring for 175 gold pieces
 29932 | Bazaar   | Bought a potion of heal wounds for 60 gold pieces
 29932 | Bazaar   | Bought a potion of might for 48 gold pieces
 29932 | Bazaar   | Bought a potion of heal wounds for 60 gold pieces
 29932 | Bazaar   | Bought a potion of haste for 120 gold pieces
 29932 | Bazaar   | Bought a potion of heal wounds for 60 gold pieces
 29958 | Bazaar   | Bought 2 potions of heal wounds for 160 gold pieces
 29972 | Bazaar   | Bought a scroll of enchant weapon for 90 gold pieces
 29972 | Bazaar   | Bought a scroll of enchant weapon for 90 gold pieces
 29972 | Bazaar   | Bought a scroll of enchant weapon for 90 gold pieces
 30217 | D:15     | Reached skill level 1 in Shields
 30343 | D:15     | Identified Roxanne's Cyclopedia of Grit
 30343 | D:15     | Noticed Roxanne
 30861 | D:15     | Found a staircase to the Depths.
 31110 | D:15     | Found a stormy altar of Qazlal.
 31404 | Spider:1 | Entered Level 1 of the Spider Nest
 32236 | Spider:1 | Reached skill level 13 in Fighting
 32552 | Spider:1 | Reached XP level 16. HP: 94/143 MP: 21/23
 32907 | Spider:2 | Reached skill level 1 in Throwing
 33485 | Spider:2 | Reached skill level 5 in Shields
 34678 | Spider:3 | Noticed Nikola
 34703 | Spider:3 | Identified the cursed +2 pair of gloves "Enlightened
                  | Gnosis" {Dex+3, Self, Elem} (You bought it in a shop in a
                  | bazaar)
 34717 | Spider:3 | Killed Nikola
 36327 | Spider:3 | Learned a level 5 spell: Blade Hands
 36421 | Spider:3 | Reached **** piety under Ashenzari
 36531 | Spider:3 | Identified the cursed +0 buckler of Curses and Power {Elem,
                  | Cun} (You took it off a tengu conjurer on level 14 of the
                  | Dungeon)
 36760 | Spider:4 | Entered Level 4 of the Spider Nest
 37295 | Spider:4 | Noticed Arachne
 37806 | Spider:4 | Noticed Donald
 37817 | Spider:4 | Killed Donald
 37818 | Spider:4 | Reached XP level 17. HP: 158/158 MP: 22/28
 37912 | Spider:4 | Killed Arachne
 38495 | Spider:4 | Noticed Mara
 38503 | Spider:4 | Noticed juan097's illusion
 38945 | Spider:4 | Killed Mara
 38946 | Spider:4 | Reached skill level 5 in Throwing
 39289 | Spider:4 | Identified the +0 pair of boots "Badwofuq" {Harm rC+ Dex-5}
 39351 | Spider:4 | Got a gossamer rune of Zot
 39492 | Spider:4 | Upgraded the game from 0.30-a0-953-g5f1da4a474 to
                  | 0.30-a0-956-gcec3b41aec
 39762 | Lair:3   | Reached ***** piety under Ashenzari
 39805 | Spider:1 | Identified the cursed +6 sling of Ashenzari's Shame
                  | {freeze, Melee, Bglg} (You took it off a goblin on level 3
                  | of the Dungeon)
 39950 | Shoals:1 | Entered Level 1 of the Shoals
 40038 | Shoals:1 | Reached skill level 14 in Fighting
 40038 | Shoals:1 | Reached skill level 10 in Transmutations
 40329 | Shoals:1 | Found Nioxolie's Armour Boutique.
 41197 | Shoals:2 | Identified the Directory of the Chill and Causimancy
 41518 | Shoals:2 | Identified the Elucidation of Corruption and Places
 41674 | Shoals:2 | Noticed a kraken
 41696 | Shoals:2 | Noticed a kraken
 41833 | Shoals:3 | Found Citeick's Distillery.
 42131 | Shoals:3 | Found Osiafel's Magic Scroll Shop.
 42174 | Shoals:3 | Bought a scroll of enchant armour for 90 gold pieces
 42255 | Shoals:1 | Bought a +1 pair of boots of stealth for 247 gold pieces
 42650 | Shoals:3 | Found a transporter.
 42650 | Shoals:3 | Noticed Mecsish's ghost (adept AtWn)
 42856 | Shoals:3 | Identified the +2 falchion of Souxaexa {venom, rElec MP+9
                  | Str+8}
 42860 | Shoals:3 | Found a transporter.
 42962 | Shoals:3 | Reached skill level 10 in Evocations
 43212 | Shoals:4 | Entered Level 4 of the Shoals
 43232 | Shoals:4 | Reached skill level 15 in Fighting
 43242 | Shoals:4 | Reached XP level 18. HP: 163/163 MP: 16/25
 43580 | Shoals:4 | Identified the +1 helmet of Happy Babbling {Str+2}
 43736 | Shoals:4 | Noticed Bai Suzhen
 43811 | Shoals:4 | Reached skill level 16 in Fighting
 44713 | Shoals:4 | Noticed Ilsuiw
 44746 | Shoals:3 | Killed Ilsuiw
 44857 | Shoals:3 | Killed Bai Suzhen
 45846 | Shoals:4 | Identified the ring "Eploneme" {Fly rPois rC+ Stlth-}
 46025 | Shoals:4 | Got a barnacled rune of Zot
 46602 | Vaults:1 | Entered Level 1 of the Vaults
 49427 | Vaults:2 | Reached XP level 19. HP: 172/173 MP: 18/26
 50141 | Vaults:2 | Identified the +12 dagger "Imepp" {chaos, rElec Str+2}
 50677 | Vaults:2 | Reached skill level 15 in Dodging
 52047 | Vaults:3 | Found a staircase to the Crypt.
 52312 | Vaults:3 | Found Errappine's Antique Weapon Emporium.
 52385 | Vaults:3 | Reached skill level 17 in Fighting
 53548 | Vaults:4 | HP: 7/179 [yaktaur captain/bolt (34)]
 53575 | Vaults:4 | Reached skill level 18 in Fighting
 53881 | Vaults:4 | Reached XP level 20. HP: 187/187 MP: 22/27
 53984 | Vaults:4 | Noticed Saint Roka
 54017 | Vaults:4 | Killed Saint Roka
 55259 | Vaults:4 | Found Weud's Assorted Antiques.
 55263 | Vaults:4 | Bought a potion of heal wounds for 185 gold pieces
 56114 | Depths:1 | Entered Level 1 of the Depths
 56114 | Depths:1 | Found a gateway to Hell.
 56366 | Depths:1 | Reached skill level 19 in Fighting
 56613 | Depths:1 | Noticed a caustic shrike
 56764 | Depths:1 | Found a one-way gateway to a ziggurat.
 56810 | Depths:1 | Found Xiut's Distillery.
 56810 | Depths:1 | Found Ulenocom's Magic Scroll Boutique.
 56910 | Depths:1 | Bought a scroll of enchant armour for 150 gold pieces
 56916 | Depths:1 | Bought a potion of haste for 150 gold pieces
 56916 | Depths:1 | Bought a potion of haste for 150 gold pieces
 57839 | Depths:1 | Noticed a juggernaut
 57845 | Depths:1 | Killed a juggernaut
 57994 | Depths:1 | Learned a level 1 spell: Apportation
 57997 | Depths:1 | Learned a level 2 spell: Blink
 58114 | Depths:1 | Killed a caustic shrike
 58115 | Depths:1 | Reached skill level 1 in Translocations
 58759 | Depths:2 | Found a one-way gate leading to the halls of Pandemonium.
 58766 | Depths:2 | Reached XP level 21. HP: 200/200 MP: 24/28
 58851 | Depths:2 | Identified a scroll of acquirement
 58875 | Depths:2 | Noticed Margery
 58883 | Depths:1 | Acquired the +0 hat "Nyor" {rF+ Str+3}
 59046 | Depths:2 | Killed Margery
 59047 | Depths:2 | Reached skill level 20 in Fighting
 59569 | Depths:2 | Found a one-way gate to the infinite horrors of the Abyss.
 59742 | Depths:2 | Found an ancient bone altar of Kikubaaqudgha.
 59889 | Depths:2 | Reached skill level 5 in Translocations
 60007 | Depths:2 | Identified the +2 quarterstaff "Widorph" {drain, Fragile
                  | MP+9 Dex+7 Stlth+}
 61318 | Depths:2 | Identified the staff of air "Cuhoclug" {rElec rN++ Dex+3
                  | Stlth-}
 61318 | Depths:2 | Identified the +0 robe of Piofidik {rPois rN+}
 61329 | Depths:2 | Annihilated by a reaper

Illustrated notes

Levels and vault maps discovered:
D:1:      spicycebolla_arrival_transporter_tutorial, layout_loops_ring,
          serial_forest, infiniplex_forest_split, infiniplex_forest_pool,
          infiniplex_forest_straight_1, infiniplex_forest_zigzag_1,
          infiniplex_forest_lined_2, infiniplex_forest_clump_double,
          infiniplex_forest_end_1, minmay_hexomino_r4
D:2:      layout_loops_cross, uniq_natasha
D:3:      layout_basic, mainiacjoe_overflow_alcove_4, nzn_wu_jian_contemplation,
          xom_confusion_cloud, minmay_cupped, uniq_robin
D:4:      layout_rooms, cheibriados_altar_1, uniq_crazy_yiuf_cottage,
          uniq_pikel, uniq_eustachio
D:5:      layout_gridville, nicolae_sif_muna_condensation, minitemple,
          kennysheep_generic_room_5, uniq_menkaure
D:6:      layout_loops_cross, temple_hall_moat, serial_shops, shop,
          nicolae_kite_square_tiling_tiny
D:7:      layout_loops_ring, serial_bayou, serial_bayou_pond_d,
          serial_bayou_crossing, serial_bayou_ford_a, serial_bayou_pond_e,
          gammafunk_ghost_cemetery, solitary_fountain, uniq_duvessa
D:8:      layout_loops_ring, kennysheep_mini, erik_lair_dragon, minivault_25
D:9:      layout_roguey, nicolae_gozag_cash_rules_everything_around_me,
          serial_shops, shop_fountains, uniq_prince_ribbit1
D:10:     layout_roguey [special_room_kobold], serial_ice, serial_ice_k,
          serial_ice_f, serial_ice_g, serial_ice_o, serial_ice_h, serial_ice_a,
          serial_ice_c, hex_medium
D:11:     layout_loops_ring, david_orc_4, hangedman_decor_opposing, st_stairs_11
D:12:     layout_loops_corners, uniq_psyche
D:13:     layout_roguey, david_vaults_1, kennysheep_windowed_goal, uniq_maurice
D:14:     layout_big_octagon, nicolae_uskayaw_en_pointe
D:15:     gammafunk_depths_entry_grave, layout_long_grid, serial_shops,
          bzr_in_the_mist, dreamdust_mushroom_princess,
          nicolae_qazlal_eye_of_the_storm, uniq_agnes, uniq_josephine,
          uniq_roxanne
Temple:   minmay_temple_forest_path
Lair:1:   layout_regular_city, fungi_pond_lemuel, infiniplex_staircase_pool_2,
          serial_bayou_shore_a, lemuel_fruit_fields, uniq_joseph
Lair:2:   layout_roguey [special_room_bee], chequers_serial_rivers_micro_b,
          nzn_random_ring
Lair:3:   layout_regular_city, nicolae_shoals_entry_flooding, dummy_spider_entry
Lair:4:   layout_regular_city, dpeg_slime_entry_corner, basic_altar,
          nicolae_lair_liquid_snakes
Lair:5:   hangedman_lair_in_review, layout_hall_layers, portal_ice_cave_rime,
          minivault_11
Shoals:1: layout_shoals, serial_shops, shop
Shoals:2: layout_shoals, centaur_isle
Shoals:3: layout_shoals, serial_shops, shop_fountains, shop_fountains,
          gammafunk_ghost_arena
Shoals:4: shoals_end_grunt_ice, layout_shoals, shoals_ilsuiw_ice,
          uniq_bai_suzhen
Spider:1: layout_spider_delve, special_room
Spider:2: layout_spider_delve, drop_trap
Spider:3: layout_spider_delve, nicolae_spider_bug_shape, uniq_nikola
Spider:4: grunt_spider_rune_circles, einodemon_crawler_minivault, uniq_arachne,
          uniq_mara, uniq_donald
Orc:1:    layout_caves, basic_altar, nicolae_shop_vocational
Orc:2:    grunt_orc_cross, layout_caves
Vaults:1: vaults_mumra_minichess, nicolae_vaults_angled_halls,
          ontoclasm_vaults_ring_large, hangedman_vaults_stretched_pinwheel,
          vaults_mumra_hexcomb, nicolae_vaults_what_the_h, vaults_dpeg_cross,
          layout_vaults_quadrants
Vaults:2: nicolae_vaults_little_squares_1, st_eye, vaults_mumra_lcd,
          ontoclasm_vaults_misaligned, vaults_room_large_hall, vaults_dpeg_ring,
          v_misc_27, v_misc_2, ontoclasm_vaults_eye,
          nicolae_vaults_little_squares_1, v_pattern_1,
          grunt_vaults_hallway_short, nicolae_vaults_windows_and_doors_thing,
          layout_vaults_big_room
Vaults:3: vaults_dpeg_doors, v_misc_13, nicolae_vaults_little_squares_3,
          nicolae_vaults_angled_halls, v_misc_19, vaults_standard_mumra_x,
          nicolae_vaults_ninety_degrees, minmay_crypt_entry_simple_statues,
          grunt_vaults_twisty, v_misc_32, v_rooms_3, dpeg_vaults_monster_box,
          nicolae_vaults_angled_halls, hangedman_vaults_stretched_pinwheel,
          layout_vaults_ring, serial_shops, nicolae_shop_waterfront
Vaults:4: vaults_room_fancy_cross, grunt_vaults_swirl,
          nicolae_vaults_angled_halls, nicolae_vaults_inception_corners,
          vaults_mumra_bighexcomb, nicolae_vaults_network_s, vaults_mumra_hex,
          v_misc_3, nicolae_vaults_network_quinsquares
          [nicolae_vaults_network_quincunx_subvault,
          nicolae_vaults_network_quincunx_subvault,
          nicolae_vaults_network_quincunx_subvault,
          nicolae_vaults_network_quincunx_subvault], ontoclasm_vaults_hangar,
          serial_ice_b, layout_vaults_omnibox, serial_shops, shop,
          uniq_saint_roka
Depths:1: minmay_outward_triangles, layout_honeycomb, enter_ziggurat_b,
          hell_entry, nicolae_wwwww, serial_bayou_pond_b, minmay_swirly_circle,
          minmay_shoptagon
Depths:2: evilmike_negative_zone, layout_cave_shapes, pan_entry,
          hangedman_decor_push, grunt_metal_band, abyss_entry_small_statue_room,
          grunt_megastairs_1, infiniplex_staircase_hallway_doors

Skill      XL: |  1  2  3  4  5  6  7  8  9 10 11 12 13 14 15 16 17 18 19 20 21 |
---------------+----------------------------------------------------------------+-----
Stealth        | 1 2 3 4 6 7 |  7.2
Unarmed Combat | 4 6 8 9 10 12 14 15 16 17 18 | 18.3
Dodging        | 2 3 4 6 7 9 10 11 12 13 14 16 17 18 | 18.0
Fighting       | 2 3 4 5 6 7 10 12 13 15 16 18 19 20 | 20.2
Transmutations | 3 4 6 7 8 9 11 | 11.0
Ice Magic      | 1 4 6 7 8 |  8.0
Spellcasting   | 3 4 |  4.9
Poison Magic   | 5 |  5.0
Evocations     | 3 6 8 10 | 10.0
Ranged Weapons | 2 3 5 6 7 8 |  8.8
Earth Magic    | 3 |  3.0
Shields        | 4 6 8 |  8.0
Throwing       | 4 5 |  5.3
Translocations | 2 6 |  6.7

Action                     |  1- 3 |  4- 6 |  7- 9 | 10-12 | 13-15 | 16-18 | 19-21 || total
---------------------------+-------+-------+-------+-------+-------+-------+-------++-------
  Melee: Unarmed           |   112 |   197 |   323 |   594 |  1628 |  1240 |  1004 ||  5098
         Tailslap          |     8 |    19 |    49 |    73 |   233 |   232 |   267 ||   881
         Punch             |     2 |     9 |    20 |    31 |    80 |   142 |   225 ||   509
         Headbutt          |     8 |    24 |    43 |    38 |     5 |       |       ||   118
         Kick              |     7 |    37 |    61 |    49 |    15 |       |       ||   169
         Dagger            |       |     4 |     7 |     4 |     3 |       |       ||    18
   Fire: Sling             |       |     3 |    69 |    65 |   166 |   360 |    78 ||   741
  Throw: Dart              |       |       |     5 |     4 |    46 |    88 |     1 ||   144
         Boomerang         |       |       |     2 |       |       |     2 |       ||     4
         Throwing net      |       |       |     1 |       |       |       |       ||     1
   Cast: Beastly Appendage |    16 |    28 |    19 |     8 |     1 |       |       ||    72
         Wereblood         |       |     4 |     7 |    16 |    41 |    41 |    28 ||   137
         Ice Form          |       |       |       |    26 |    42 |    16 |       ||    84
         Ozocubu's Armour  |       |       |       |       |     3 |     7 |    12 ||    22
         Spider Form       |       |       |       |       |     1 |       |       ||     1
         Blade Hands       |       |       |       |       |       |   103 |   103 ||   206
 Invoke: Curse Item        |       |       |     1 |     2 |     2 |     5 |     1 ||    11
         Shatter the Chain |       |       |       |       |     1 |     2 |       ||     3
Ability: Breathe Noxious F |       |       |     9 |    18 |    38 |    18 |     9 ||    92
         End Transformatio |       |       |       |       |     1 |     2 |       ||     3
  Evoke: Wand              |       |       |       |     1 |     3 |    17 |     5 ||    26
         Condenser vane    |       |       |       |     1 |     1 |     2 |     1 ||     5
         Phial of floods   |       |       |       |       |       |     1 |     1 ||     2
    Use: Scroll            |       |       |    11 |     3 |     8 |    14 |     3 ||    39
         Potion            |       |       |       |     2 |     2 |     7 |     3 ||    14
   Stab: Sleeping          |    10 |     9 |     3 |     7 |    11 |     4 |    18 ||    62
         Held in net/web   |       |       |     1 |       |       |     1 |       ||     2
         Confused          |       |       |     5 |    17 |    45 |    20 |     6 ||    93
         Distracted        |       |       |       |     1 |       |     2 |     1 ||     4
         Petrified         |       |       |       |     3 |       |       |       ||     3
 Armour: Skin              |    24 |    56 |    46 |   127 |   331 |   240 |   141 ||   965
  Dodge: Dodged            |    78 |   222 |   236 |   499 |  1499 |  1485 |   870 ||  4889
  Block: Other             |       |       |       |   116 |   321 |   219 |   169 ||   825
         Reflection        |       |       |       |     2 |     7 |    31 |     4 ||    44
         Buckler           |       |       |       |       |   120 |   227 |    25 ||   372

Table legend: (Time is in decaauts)
 A = Elapsed time spent in this place.
 B = Non-inter-level travel time spent in this place.
 C = Inter-level travel time spent in this place.
 D = Time resting spent in this place.
 E = Time spent auto-exploring this place.
 F = Levels seen in this place.
 G = Mean time per level.
                   A        B        C        D        E       F      G
               +--------+--------+--------+--------+--------+-----+--------+
         Total |  60146 |  55627 |   4519 |   1337 |  41634 |  39 | 1542.2 |
       Dungeon |  18463 |  16410 |   2053 |    279 |  11973 |  15 | 1230.9 |
        Temple |    431 |    363 |     68 |      0 |    349 |   1 |  431.0 |
          Lair |   9731 |   9071 |    660 |    364 |   6972 |   5 | 1946.2 |
        Shoals |   6496 |   6080 |    416 |     97 |   4531 |   4 | 1624.0 |
   Spider Nest |   7739 |   7139 |    600 |    233 |   5095 |   4 | 1934.8 |
  Orcish Mines |   2384 |   2165 |    219 |    221 |   1263 |   2 | 1192.0 |
        Vaults |   9134 |   8802 |    332 |      0 |   7365 |   4 | 2283.5 |
        Depths |   5018 |   4849 |    169 |      0 |   3779 |   2 | 2509.0 |
        Bazaar |    419 |    419 |      0 |      0 |    231 |   1 |  419.0 |
      Ice Cave |    327 |    327 |      0 |    143 |     74 |   1 |  327.0 |
               +--------+--------+--------+--------+--------+-----+--------+

Top non-repeatable levels by time:
Spider:3: 3284 daAuts
  Lair:5: 3249 daAuts
Depths:1: 2618 daAuts
Vaults:2: 2555 daAuts
Vaults:3: 2411 daAuts
Depths:2: 2399 daAuts
Shoals:4: 2244 daAuts
Vaults:4: 2197 daAuts
  Lair:3: 2032 daAuts
Vaults:1: 1970 daAuts
Shoals:3: 1818 daAuts
     D:7: 1795 daAuts
     D:6: 1752 daAuts
    D:11: 1732 daAuts
Spider:4: 1720 daAuts
